 Dungeon Crawl Stone Soup version 0.28.0-53-g5a82cb258f (webtiles) character file.

Game seed: 11640712993862424145

1459 Gabide the Martial Artist (level 8, -3/39 HPs)
             Began as a Vine Stalker Monk on May 27, 2022.
             Was an Initiate of Yredelemnul.
             Slain by Duvessa
             ... wielding a +0 short sword
              (9 damage)
             ... on level 6 of the Dungeon.
             The game lasted 00:09:45 (5252 turns).

Gabide the Martial Artist (Vine Stalker Monk)       Turns: 5252, Time: 00:09:45

Health: -3/39      AC:  8    Str: 15    XL:     8   Next: 76%
Magic:  0/9        EV: 15    Int: 10    God:    Yredelemnul [......]
Gold:   49         SH:  0    Dex: 32    Spells: 7/7 levels left

rFire   . . .      SeeInvis .     - Unarmed
rCold   . . .      Faith    .   (no shield)
rNeg    . . .      Spirit   +   r - +1 ring mail "Gateuc" {Dex+8}
rPois   .          Reflect  .   (no helmet)
rElec   .          Harm     .   (no cloak)
rCorr   .          Rampage  .   b - +0 pair of gloves
Will    ++...                   (no boots)
Stlth   ++........              (no amulet)
HPRegen 0.93/turn               d - ring of willpower
MPRegen 0.11/turn               p - +6 ring of dexterity

@: invisible
A: fangs 3, regeneration 1, magic shield, antimagic bite, no potion heal 2
a: Renounce Religion, Recall Undead Harvest


You were on level 6 of the Dungeon.
You worshipped Yredelemnul.
Yredelemnul was noncommittal.
You visited 1 branch of the dungeon, and saw 6 of its levels.

You collected 277 gold pieces.
You spent 228 gold pieces at shops.

Inventory:

Missiles
 c - 2 javelins (quivered)
Armour
 b - a +0 pair of gloves (worn)
 m - a +0 leather armour
 o - the +1 robe of Wrong Decisions {Regen+}
   (You found it on level 4 of the Dungeon)

   Regen:     It increases your rate of health regeneration.
 r - the +1 ring mail "Gateuc" (worn) {Dex+8}
   (You found it on level 4 of the Dungeon)

   Dex:       It affects your dexterity (+8).
 u - +0 ice dragon scales
Jewellery
 d - a ring of willpower (left hand)
 p - a +6 ring of dexterity (right hand)
Wands
 t - a wand of polymorph (8)
Scrolls
 e - 2 scrolls of fog
 g - a scroll of immolation
 j - a scroll of vulnerability {unknown}
 l - a scroll of enchant armour {unknown}
Potions
 a - 3 potions of curing
 f - a potion of haste
 h - a potion of attraction
 i - a potion of cancellation
 k - a potion of degeneration
 n - 2 potions of brilliance
 q - 2 potions of berserk rage
 v - a potion of flight {unknown}
 w - 2 potions of might


   Skills:
 - Level 2.6 Fighting
 - Level 5.0 Armour
 + Level 4.3 Dodging
 - Level 2.4 Stealth
 - Level 8.0 Unarmed Combat


You had 7 spell levels left.
You didn't know any spells.
Your spell library was empty.

Dungeon Overview and Level Annotations

Branches:
Dungeon (6/15)
 Temple: D:4-7

Altars:
Fedhas
Kikubaaqudgha
Yredelemnul

Shops:
D:1 *   D:5 !   D:6 *

Annotations:
D:6 Duvessa


Innate Abilities, Weirdness & Mutations

You have razor-sharp teeth.
Your natural rate of healing is unusually fast.
When hurt, damage is shared between your health and your magic reserves.
Your bite disrupts and absorbs the magic of your enemies.
Potions cannot restore your health.


Message History

The bullfrog zombie hits your spectral white imp but does no damage.
Your spectral white imp hits the bullfrog zombie.
Dowan hits Duvessa.
The bullfrog skeleton hits you but does no damage.
Duvessa closely misses Dowan.
The bullfrog zombie hits your spectral white imp.
Your spectral white imp hits the bullfrog zombie.
The bullfrog zombie hits your spectral white imp.
Dowan hits Duvessa but does no damage.
The bullfrog zombie hits your spectral white imp.
Your spectral white imp misses the bullfrog zombie.
The bullfrog zombie barely misses your spectral white imp.
Dowan hits Duvessa but does no damage.
Duvessa rages.
Your spectral white imp hits the bullfrog zombie.
Duvessa is no longer moving quickly.
The bullfrog zombie hits your spectral white imp.
Your spectral white imp is destroyed!
Duvessa hits you with a +0 short sword.
* * * LOW HITPOINT WARNING * * *
You see here a scroll of immolation.
The bullfrog skeleton hits you but does no damage.
Duvessa hits you but does no damage.
The bullfrog zombie hits Dowan.
The bullfrog skeleton hits you.
* * * LOW HITPOINT WARNING * * *
The bullfrog skeleton closely misses you.
Dowan hits the bullfrog skeleton.
Duvessa closely misses you.
The bullfrog zombie hits Dowan!
The bullfrog zombie hits Dowan.
Dowan hits the bullfrog zombie.
The bullfrog zombie completely misses Dowan.
The bullfrog skeleton barely misses you.
Duvessa hits you with a +0 short sword!
* * * LOW HITPOINT WARNING * * *
The bullfrog zombie hits Dowan.
Dowan hits the bullfrog zombie.
The bullfrog skeleton completely misses you.
Okay, then.
You fade into invisibility!
Duvessa hits you with a +0 short sword!
You die...
Your body rises from the dead as a mindless zombie.

###########
#.....?...#
#.........###
#.....Z..Ze.#
#.....Z...@.#..
#......).....#
#............#
####'#.......#
#.#.......#
#.#####...# #.#
#...#
##########.#
#...#
........Z..#
..#


You could see Duvessa (berserk, drained), a bullfrog zombie (ally target), a
bullfrog skeleton and the friendly Dowan the elf zombie.

Vanquished Creatures
  2 ice beasts
  A hornet zombie (D:6)
  A sky beast (D:5)
  An ogre (D:4)
  2 phantoms (D:5)
  A bullfrog (D:5)
  2 jellies
  3 hounds
  3 orc priests
  A gnoll shaman (D:5)
  2 iguanas (D:5)
  7 orc wizards
  3 hound skeletons
  2 gnolls (D:5)
  4 adders
  2 white imps
  2 ufetubi
  3 worms
  A dart slug (D:1)
  19 orcs
  9 ball pythons
  3 bats
  5 endoplasms
  8 giant cockroaches
  8 goblins
  A hobgoblin (D:1)
  3 jackals (D:1)
  9 kobolds
  3 quokkas
  4 frilled lizards
  5 rats
120 creatures vanquished.

Vanquished Creatures (collateral kills)
  Dowan (D:6)
  2 gnolls (D:5)
  An orc (D:4)
4 creatures vanquished.

Vanquished Creatures (others)
  2 spectral ice beasts
  A spectral jelly (D:4)
  An adder zombie (D:6)
  An iguana zombie (D:5)
  2 spectral white imps
  3 ball python zombies
  2 giant cockroach zombies
  6 orc zombies
  A spectral ufetubus (D:6)
  4 plants (D:5)
  4 withered plants (D:5)
27 creatures vanquished.

Grand Total: 151 creatures vanquished

Notes
Turn   | Place    | Note
-------+----------+-------------------------------------------
     0 | D:1      | Gabide the Vine Stalker Monk began the quest for the Orb.
     0 | D:1      | Reached XP level 1. HP: 11/11 MP: 2/2
   254 | D:1      | Reached XP level 2. HP: 16/16 MP: 3/3
   586 | D:1      | Reached skill level 4 in Unarmed Combat
   593 | D:1      | Reached XP level 3. HP: 11/19 MP: 4/4
  1129 | D:1      | Found Dutzamoa's General Store.
  1138 | D:1      | Bought a scroll of fog for 28 gold pieces
  1935 | D:2      | Gained mutation: Your natural rate of healing is unusually
                  | fast. [Vine Stalker growth]
  1935 | D:2      | Reached XP level 4. HP: 21/23 MP: 5/5
  2171 | D:3      | Reached skill level 5 in Unarmed Combat
  2425 | D:3      | Found a faded altar of an unknown god.
  2532 | D:3      | Prayed at the altar of an unknown god.
  2532 | D:3      | Became a worshipper of Yredelemnul the Dark
  2532 | D:3      | Reached * piety under Yredelemnul
  2767 | D:4      | Reached XP level 5. HP: 26/27 MP: 3/6
  2823 | D:4      | Reached skill level 6 in Unarmed Combat
  2850 | D:4      | Reached XP level 6. HP: 28/32 MP: 3/7
  3072 | D:4      | Identified the +1 robe of Wrong Decisions {Regen+}
  3184 | D:4      | Reached skill level 7 in Unarmed Combat
  3653 | D:4      | Identified the +1 ring mail "Gateuc" {Dex+8}
  3696 | D:4      | Reached XP level 7. HP: 31/35 MP: 8/8
  3934 | D:5      | Entered Level 5 of the Dungeon
  3950 | D:5      | Reached skill level 8 in Unarmed Combat
  3996 | D:5      | Reached skill level 1 in Armour
  4261 | D:5      | Gained mutation: You have razor-sharp teeth. [Vine Stalker
                  | growth]
  4261 | D:5      | Reached XP level 8. HP: 39/39 MP: 9/9
  4272 | D:5      | Reached ** piety under Yredelemnul
  4298 | D:5      | Found an ancient bone altar of Kikubaaqudgha.
  4300 | D:5      | Found a blossoming altar of Fedhas.
  4313 | D:5      | Found Laedghe's Distillery.
  4333 | D:5      | Bought a potion of berserk rage for 50 gold pieces
  4333 | D:5      | Bought a potion of might for 40 gold pieces
  4333 | D:5      | Bought a potion of invisibility for 80 gold pieces
  4333 | D:5      | Bought a potion of curing for 30 gold pieces
  4511 | D:5      | Reached skill level 5 in Armour
  5112 | D:6      | Found Hiopp's General Store.
  5207 | D:6      | Noticed Dowan
  5209 | D:6      | Noticed Duvessa
  5223 | D:6      | Killed Dowan
  5252 | D:6      | Slain by Duvessa

Illustrated notes

Levels and vault maps discovered:
D:1:      shiori_shiawase, layout_basic, serial_shops, nicolae_shop_waterfront,
          minmay_tromino_v4_b
D:2:      layout_basic, serial_glass, glass_columns_a, glass_columns_c,
          feat_on_display, minmay_strange_pillars
D:3:      wander_river, layout_rooms, hellmonk_ecumenical_altar_inner_sanctum
D:4:      layout_basic, chequers_serial_rivers_small_3
D:5:      layout_basic, grunt_temple_overflow_growth_and_decay, serial_shops,
          shop, minmay_statues_item, chequers_serial_rivers_large_a
D:6:      layout_basic, mainiacjoe_overflow_big_doors, serial_shops,
          nicolae_shop_behind_doors, shop, nicolae_shop_crystal,
          nicolae_shop_trees, shop, uniq_duvessa, uniq_crazy_yiuf_cottage

Skill      XL: |  1  2  3  4  5  6  7  8 |
---------------+-------------------------+-----
Unarmed Combat | 4 5 6 7 8 |  8.0
Armour         | 3 5 |  5.0
Dodging        | 4 |  4.3
Fighting       | |  2.6
Stealth        | |  2.4

Action                   |  1- 3 |  4- 6 |  7- 9 || total
-------------------------+-------+-------+-------++-------
Melee: Unarmed           |   114 |   141 |   147 ||   402
       Bite              |    29 |    38 |    45 ||   112
       Punch             |     4 |     3 |    13 ||    20
Invok: Recall Undead Har |       |     1 |     4 ||     5
  Use: Scroll            |       |     4 |     2 ||     6
       Potion            |       |       |     1 ||     1
 Stab: Sleeping          |     3 |     2 |     1 ||     6
       Distracted        |     1 |       |     9 ||    10
Armor: Robe              |    18 |     8 |       ||    26
       Leather armour    |       |    16 |       ||    16
       Ring mail         |       |     1 |    45 ||    46
Dodge: Dodged            |    62 |    74 |    86 ||   222
